 Dungeon Crawl Stone Soup version 0.18.1-48-g4cf74bf (webtiles) character file.

249 MistressOfTheDunes the Insei (level 5, 0/43 HPs)
             Began as a Mummy Monk on June 27, 2016.
             Slain by a giant cockroach (2 damage)
             ... on level 3 of the Dungeon.
             The game lasted 00:07:09 (13699 turns).

MistressOfTheDunes the Insei (Mummy Monk)          Turns: 13699, Time: 00:07:09

Health: 0/43       AC:  1    Str: 15    XL:     5   Next: 86%
Magic:  5/5        EV:  8    Int:  9    God:
Gold:   146        SH:  0    Dex: 15    Spells: 0 memorised, 4 levels left

rFire  x . .     SeeInvis .       - Unarmed
rCold  + . .     Gourm    .     (no armour)
rNeg   + + +     Faith    .     (no shield)
rPois  ∞         Spirit   .     (no helmet)
rElec  .         Dismiss  .     (no cloak)
rCorr  .         Reflect  .     h - +0 pair of gloves
SustAt .         Harm     .     (no boots)
MR     .....                    (no amulet)
Stlth  ++........               (no ring)
                                (no ring)

@: not resistant to hostile enchantments, unstealthy
A: no food or potions, fire vulnerability, cold resistance 1, negative energy
resistance 3, torment resistance, unbreathing
a: no special abilities


You were on level 3 of the Dungeon.
You were not hungry.

You visited 1 branch of the dungeon, and saw 4 of its levels.

You collected 146 gold pieces.


Innate Abilities, Weirdness & Mutations

You do not eat or drink.
Your flesh is vulnerable to fire.
You are immune to poison.
Your flesh is cold resistant.
You are immune to negative energy.
You are immune to unholy pain and torment.
You can survive without breathing.


   Skills:
 + Level 4.9 Fighting
 - Level 2.4 Dodging
 - Level 1.5 Stealth
 - Level 5.0 Unarmed Combat


You had 4 spell levels left.
You didn't know any spells.

Inventory:

Armour
 h - a +0 pair of gloves (worn)
 j - a +0 shield
Jewellery
 a - an uncursed amulet of guardian spirit {unknown}
Scrolls
 b - a scroll of random uselessness {unknown}
 c - 4 scrolls of enchant armour {unknown}
 d - 6 scrolls of remove curse {unknown}
 e - 2 scrolls of identify {unknown}
 f - a scroll of amnesia {unknown}
 g - a scroll of teleportation {unknown}
 i - a scroll of immolation {unknown}

Dungeon Overview and Level Annotations

Branches:
Dungeon (4/15)
 Temple: D:4-7

Altars:
Kikubaaqudgha

Annotations:
D:2 1 exclusion
D:3 Wardy's ghost, amateur DsEn
D:4 nikopol's ghost, amateur MiBe

▒▒▒▒▒▒..........▒.▒▒
▒.▒ ▒.▒ ▒
▒.▒▒▒▒▒[▒▒....▒▒ ▒.▒
▒.▒ ▒ ▒.▒
▒.▒.▒.....▒▒▒▒.▒▒▒▒▒.▒
▒ ▒.▒
▒....................▒
▒ ▒.▒
▒..▒.<....▒.▒▒▒▒▒▒▒▒▒▒
▒ ▒.▒▒▒▒..▒.....▒▒.▒ ▒
▒.▒..........>...▒ ▒
▒.▒.▒...▒.O...▒▒▒▒
▒.▒..)....BM..▒
▒.▒.▒>).▒..▒.▒▒
▒..........▒▒▒
▒▒▒.▒...▒.▒▒▒▒▒
▒.▒▒.▒▒.....▒
▒.▒▒.▒▒▒▒▒▒.▒ ▒.▒▒.▒
▒.▒ ..▒▒.▒ ▒.▒ ▒▒▒▒.▒
▒.▒


You could see an ogre and a giant cockroach.


Message History

You miss the hound!
The hound is severely wounded!
The hound bites you! x2
You barely miss the hound!
The hound is severely wounded!
The hound completely misses you!
You beat the hound into a bloody pulp!
You annihilate the hound!!!
You squash the ogre like an ant!
The ogre is lightly wounded!
The ogre misses you!
You completely miss the ogre!
The ogre is lightly wounded!
The ogre hits you with a giant club!!!!!!
DANG * * * don't die
* * * You see here a short sword!
There is a stone staircase leading up here!
The giant cockroach bites you! * * * don't die
* * * The ogre barely misses you!
You climb upwards!
Level annotation: Wardy's ghost, amateur DsEn
There is a stone staircase leading down here!
Unknown command!
The giant cockroach misses you!
The giant cockroach bites you! * * * don't die
* * *
There is a stone staircase leading up here!
The giant cockroach closely misses you! The giant cockroach bites you! rip

Action                   |  1- 3 |  4- 6 || total
-------------------------+-------+-------++-------
Melee: Unarmed           |   158 |   230 ||   388
       Punch             |     4 |     4 ||     8
  Use: Scroll            |       |     1 ||     1
 Stab: Sleeping          |     6 |     3 ||     9
       Distracted        |       |     1 ||     1
Dodge: Dodged            |    89 |   132 ||   221

Vault maps used:
D:1:      dpeg_arrival_ratfight, st_stairs_10
D:2:      minmay_misc_feat_pillars, grunt_ministairs_2
D:3:      kiku_gazebo_garden_becter, first_bread, minmay_misc_feat_encased,
          kennysheep_generic_room_6
D:4:      xom_confusion_cloud

Notes
Turn   | Place    | Note
--------------------------------------------------------------
     0 | D:1      | MistressOfTheDunes the Mummy Monk began the quest for the Orb.
     0 | D:1      | Reached XP level 1. HP: 18/18 MP: 1/1
   317 | D:1      | Reached XP level 2. HP: 24/24 MP: 2/2
   768 | D:1      | Reached skill level 4 in Unarmed Combat
   962 | D:1      | Reached XP level 3. HP: 21/29 MP: 3/3
  2132 | D:2      | Reached XP level 4. HP: 16/35 MP: 4/4
  3143 | D:3      | Noticed Wardy's ghost (amateur DsEn)
  4056 | D:3      | Reached skill level 5 in Unarmed Combat
  4342 | D:3      | Found an ancient bone altar of Kikubaaqudgha.
  9601 | D:1      | Reached XP level 5. HP: 37/41 MP: 5/5
 12275 | D:1      | HP: 2/42 [something (3)]
 12593 | D:4      | Noticed nikopol's ghost (amateur MiBe)
 12998 | D:3      | Reached skill level 4 in Fighting
 13415 | D:4      | Noticed an ogre
 13676 | D:4      | HP: 2/43 [ogre/giant club (31)]
 13691 | D:4      | HP: 3/43 [giant cockroach (1)]
 13699 | D:3      | Slain by a giant cockroach

Vanquished Creatures
  A hound (D:4)
  An orc priest (D:4)
  An orc wizard (D:3)
  2 adders
  3 gnolls
  3 oozes
  A worm (D:2)
  3 dart slugs
  3 giant geckos
  5 orcs
  3 ball pythons
  5 giant cockroaches
  9 goblins
  13 hobgoblins
  6 jackals
  7 kobolds
  6 bats
  2 giant newts (D:2)
  15 rats
89 creatures vanquished.

Vanquished Creatures (others)
  A worker ant (D:4)
  4 adders (D:4)
  A giant cockroach (D:4)
6 creatures vanquished.

Grand Total: 95 creatures vanquished
